 Dungeon Crawl Stone Soup version 0.18.1-5-g4a78601 (webtiles) character file.

1943 Mefis the Magician (level 8, 0/44 HPs)
             Began as a Deep Elf Wizard on May 11, 2016.
             Was an Initiate of Sif Muna.
             Killed by divine providence
             ... invoked by an orc priest
              (13 damage)
             ... on level 7 of the Dungeon.
             The game lasted 00:31:38 (9974 turns).

Mefis the Magician (Deep Elf Wizard)                Turns: 9974, Time: 00:31:39

Health: 0/44       AC:  8    Str:  4    XL:     8   Next: 98%
Magic:  0/20       EV: 14    Int: 26    God:    Sif Muna [......]
Gold:   324        SH:  0    Dex: 13    Spells: 8 memorised, 3 levels left

rFire  + . .     SeeInvis .     z - +2 dagger (protect)
rCold  . . .     Gourm    .     a - +0 robe
rNeg   . . .     Faith    +     (no shield)
rPois  +         Spirit   .     b - +0 hat
rElec  .         Dismiss  .     (no cloak)
rCorr  .         Reflect  .     (no gloves)
SustAt .         Harm     .     D - +0 pair of boots
MR     .....                    O - amulet of faith
Stlth  +++.......               M - ring of protection from fire
                                i - ring of poison resistance

@: repel missiles, not resistant to hostile enchantments, fairly stealthy
A: no striking features
a: Renounce Religion


You were on level 7 of the Dungeon.
You worshipped Sif Muna.
Sif Muna was noncommittal.
You were hungry.

You visited 2 branches of the dungeon, and saw 8 of its levels.

You collected 324 gold pieces.

Inventory:

Hand Weapons
 q - a +2 trident of flaming
 t - a +0 dagger of venom
 x - a +2 dagger of holy wrath
 z - a +2 dagger of protection (weapon)
 C - a +0 shortbow
 F - the +8 long sword of Cowardice {flame, rPois}
   (You found it on level 4 of the Dungeon)

   It has been specially enchanted to burn those struck by it, causing extra
   injury to most foes and up to half again as much damage against particularly
   susceptible opponents.
   Big, fiery blades are also staple armaments of hydra-hunters.
   It protects you from poison.
Missiles
 j - 69 arrows
 m - 2 throwing nets (quivered)
 B - 3 javelins of returning
 L - 8 curare-tipped needles
Armour
 a - a +0 robe (worn)
 b - a +0 hat (worn)
 D - a +0 pair of boots (worn)
Jewellery
 i - a ring of poison resistance (left hand)
 n - an uncursed ring of sustain attributes
 M - a ring of protection from fire (right hand)
 O - an amulet of faith (around neck)
Scrolls
 e - 3 scrolls of remove curse
 g - 2 scrolls of recharging {unknown}
 k - 3 scrolls of fog {unknown}
 l - 2 scrolls of enchant armour {unknown}
 p - a scroll of random uselessness {unknown}
 s - a scroll of enchant weapon {unknown}
 v - 2 scrolls of identify {unknown}
 y - a scroll of noise {unknown}
 A - 2 scrolls of blinking
 G - 2 scrolls of teleportation {unknown}
 I - a scroll of immolation {unknown}
 N - a scroll of amnesia {unknown}
 R - 2 scrolls of fear {unknown}
Potions
 h - 5 potions of curing
 o - a potion of resistance {unknown}
 r - a potion of ambrosia {unknown}
 u - a potion of might {unknown}
 w - 2 potions of haste {unknown}
 H - 2 potions of agility {unknown}
 J - a potion of experience {unknown}
 P - a potion of lignification {unknown}
Books
 c - a book of Minor Magic

   Spells                             Type                      Level
   a - Magic Dart                     Conjuration                  1
   b - Blink                          Translocation                2
   c - Call Imp                       Summoning                    2
   d - Repel Missiles                 Charms/Air                   2
   e - Slow                           Hexes                        2
   f - Conjure Flame                  Conjuration/Fire             3
   g - Mephitic Cloud                 Conjuration/Poison/Air       3
 K - a book of Dreams

   Spells                             Type                      Level
   a - Ensorcelled Hibernation        Hexes/Ice                    2
   b - Silence                        Hexes/Air                    5
   c - Darkness                       Hexes                        6
   d - Shadow Creatures               Summoning                    6
Comestibles
 d - a bread ration
 f - 2 beef jerkies
 E - 3 meat rations


   Skills:
 - Level 1.8 Fighting
 - Level 1.4 Long Blades
 + Level 5.0 Dodging
 + Level 4.2 Stealth
 + Level 6.6 Spellcasting
 + Level 5.9 Conjurations
 * Level 3.5 Hexes
 - Level 3.7 Summonings
 - Level 3.8 Translocations
 - Level 2.5 Fire Magic
 * Level 2.6 Ice Magic
 - Level 3.7 Poison Magic


You had 3 spell levels left.
You knew the following spells:

 Your Spells              Type           Power        Failure   Level  Hunger
a - Magic Dart            Conj           ####         1%          1    None
b - Call Imp              Summ           ####....     2%          2    None
c - Blink                 Tloc           N/A          2%          2    None
d - Repel Missiles        Chrm/Air       #.....       12%         2    None
e - Mephitic Cloud        Conj/Pois/Air  ####....     8%          3    None
f - Conjure Flame         Conj/Fire      ####....     4%          3    None
g - Slow                  Hex            ####....     2%          2    None
h - Ensorcelled Hibernat  Hex/Ice        ###...       2%          2    None


Dungeon Overview and Level Annotations

Branches:
Dungeon (7/15)             Temple (1/1) D:6

Altars:
Ashenzari
Cheibriados
Dithmenos
Elyvilon
Fedhas
Gozag
Makhleb
Nemelex Xobeh
Okawaru
Pakellas
Qazlal
Ru
Sif Muna
Trog
Vehumet
Xom
Yredelemnul
Zin
The Shining One

Annotations:
D:5 Eustachio


Message History

Confirm with . or Enter, or press ? or * to list all spells.
Aiming: Ensorcelled Hibernation
Press: ? - help, Shift-Dir - straight line, f/p - orc priest
Aim: an orc priest, wearing a leather armour (not susceptible)
Okay, then.
Casting: Ensorcelled Hibernation
Confirm with . or Enter, or press ? or * to list all spells.
A beastly little devil appears in a puff of flame.
The orc priest invokes the aid of Beogh against you.
Beogh smites you!
You hit the orc priest but do no damage.
The orc priest invokes the aid of Beogh against you.
Pain shoots through your body!
* * * LOW HITPOINT WARNING * * *
Your crimson imp hits the orc priest.
Drink which item? (? for menu, Esc to quit)
It was a potion of curing.
You feel better.
The orc priest invokes the aid of Beogh against you.
Beogh smites you!
You die...

.###..# #..............
......#
######.....#####..##
...#..# #..............
.....†# #...........#...
#..#..#######......####.#
## #..#...##.##.......#
.# #....#.##.##.......#
.# ..........##...5o..#
.......#####...5@..#
>..................#
...................#
.......#.##..).....#
.##.##...##.)......#
............<......##
.#####..............# .#
#.####.........# .# #.#
#.........#


You could see an orc priest and 2 friendly crimson imps.

Vanquished Creatures
  2 necrophages
  2 ogres
  A centaur (D:4)
  2 scorpions
  A crimson imp (D:4)
  2 giant frog zombies (D:6)
  3 jellies
  6 hounds
  2 gnoll shamans (D:5)
  4 orc priests
  A centaur skeleton (D:4)
  6 orc wizards
  2 giant frog skeletons
  2 iguanas (D:6)
  4 worker ants
  2 hound zombies
  The ghost of M4edhros the Grave Robber, a weakling OpNe (D:3)
  A worker ant zombie (D:6)
  8 gnolls
  13 adders
  4 shadow imps
  2 oozes
  2 adder zombies
  An adder skeleton (D:5)
  A worm (D:2)
  3 dart slugs
  6 giant geckos
  24 orcs
  A ball python (D:3)
  8 giant cockroaches
  11 goblins
  7 hobgoblins
  12 jackals
  8 quokkas
  4 bats
  4 giant newts
  2 jackal skeletons
  8 kobolds
  A quokka zombie (D:6)
  6 rats
180 creatures vanquished.

Vanquished Creatures (collateral kills)
  A giant frog (D:7)
  Ijyb (D:2)
  A gnoll (D:5)
3 creatures vanquished.

Vanquished Creatures (others)
  A plant (D:4)
1 creature vanquished.

Grand Total: 184 creatures vanquished

Notes
Turn   | Place    | Note
--------------------------------------------------------------
     0 | D:1      | Mefis the Deep Elf Wizard began the quest for the Orb.
     0 | D:1      | Reached XP level 1. HP: 10/10 MP: 7/7
   269 | D:1      | Reached XP level 2. HP: 3/15 MP: 0/9
   347 | D:1      | Learned a level 2 spell: Call Imp
   350 | D:1      | Learned a level 2 spell: Blink
   353 | D:1      | Learned a level 2 spell: Repel Missiles
   949 | D:1      | Reached XP level 3. HP: 12/19 MP: 1/11
   954 | D:1      | Learned a level 3 spell: Mephitic Cloud
  1076 | D:1      | Reached skill level 5 in Spellcasting
  1534 | D:2      | Noticed Ijyb
  1549 | D:2      | Killed Ijyb
  1684 | D:2      | Reached XP level 4. HP: 24/24 MP: 10/13
  1914 | D:3      | Reached skill level 1 in Poison Magic
  1992 | D:3      | Reached XP level 5. HP: 26/28 MP: 3/14
  2089 | D:3      | Learned a level 3 spell: Conjure Flame
  2213 | D:3      | Noticed M4edhros's ghost (weakling OpNe)
  2216 | D:3      | Killed M4edhros's ghost
  2732 | D:3      | Reached XP level 6. HP: 32/32 MP: 10/16
  2736 | D:3      | Learned a level 2 spell: Slow
  3674 | D:4      | Reached skill level 1 in Fire Magic
  3965 | D:4      | Reached XP level 7. HP: 36/36 MP: 7/17
  4172 | D:4      | Reached skill level 6 in Spellcasting
  4427 | D:4      | Found a blossoming altar of Fedhas.
  4483 | D:4      | Got a transparent long sword
  4620 | D:4      | Identified the +8 long sword of Cowardice {flame, rPois} (You found it on level 4 of the Dungeon)
  4916 | D:5      | Entered Level 5 of the Dungeon
  5020 | D:5      | Reached skill level 5 in Conjurations
  5123 | D:5      | Reached skill level 1 in Fighting
  5728 | D:5      | Noticed Eustachio
  5738 | D:5      | Reached XP level 8. HP: 43/43 MP: 2/19
  6597 | D:5      | Reached skill level 1 in Long Blades
  6636 | D:5      | Learned a level 2 spell: Ensorcelled Hibernation
  7070 | D:5      | Reached skill level 1 in Hexes
  7070 | D:5      | Reached skill level 1 in Ice Magic
  9003 | D:6      | Found a staircase to the Ecumenical Temple.
  9012 | Temple   | Entered the Ecumenical Temple
  9031 | Temple   | Became a worshipper of Sif Muna the Loreminder
  9879 | D:7      | Reached skill level 5 in Dodging
  9974 | D:7      | Killed from afar by an orc priest

Skill      XL: |  1  2  3  4  5  6  7  8 |
---------------+-------------------------+-----
Conjurations   | 2 3 4 5 |  5.9
Spellcasting   | 5 6 |  6.6
Stealth        | 3 4 |  4.2
Dodging        | 3 4 5 |  5.0
Poison Magic   | 1 2 3 |  3.7
Summonings     | 2 3 |  3.7
Translocations | 2 3 |  3.8
Fire Magic     | 1 2 |  2.5
Fighting       | 1 |  1.8
Long Blades    | 1 |  1.4
Hexes          | 3 |  3.5
Ice Magic      | 2 |  2.6

Action                   |  1- 3 |  4- 6 |  7- 9 || total
-------------------------+-------+-------+-------++-------
Melee: Mace              |    12 |     1 |       ||    13
       Long sword        |       |       |    21 ||    21
       Dagger            |       |       |    23 ||    23
 Fire: Shortbow          |       |       |    46 ||    46
 Cast: Magic Dart        |    94 |   177 |   325 ||   596
       Repel Missiles    |     1 |     1 |       ||     2
       Call Imp          |     2 |     2 |     9 ||    13
       Mephitic Cloud    |       |     9 |    15 ||    24
       Conjure Flame     |       |     1 |     6 ||     7
       Ensorcelled Hiber |       |       |    13 ||    13
       Blink             |       |       |     5 ||     5
       Slow              |       |       |     1 ||     1
  Use: Scroll            |       |       |     2 ||     2
       Potion            |       |       |     1 ||     1
 Stab: Sleeping          |     1 |     1 |     3 ||     5
       Distracted        |     1 |       |       ||     1
  Eat: Chunk             |     2 |     7 |     9 ||    18
       Bread ration      |       |       |     2 ||     2
Armor: Robe              |    10 |    10 |    26 ||    46
Dodge: Dodged            |    21 |    20 |   107 ||   148
       Deflected         |     2 |       |       ||     2
